 Dungeon Crawl Stone Soup version 0.17-a0-1020-ge683cc4 (webtiles) character file.

199 Kisielow the Covered (level 5, -9/47 HPs)
             Began as a Minotaur Fighter on May 14, 2015.
             Mangled by an iguana (10 damage)
             ... on level 4 of the Dungeon.
             The game lasted 00:04:08 (2208 turns).

Kisielow the Covered (Minotaur Fighter)             Turns: 2208, Time: 00:04:08

Health: -9/47      AC:  8    Str: 22    XL:     5   Next: 48%
Magic:  4/4        EV:  7    Int:  5    God:
Gold:   150        SH: 10    Dex:  9    Spells: 0 memorised, 4 levels left

rFire  . . .     SeeInvis .     a - +0 long sword
rCold  . . .     Clarity  .     b - +0 scale mail
rNeg   + . .     SustAb   .     c - +0 shield
rPois  .         Gourm    .     (helmet restricted)
rElec  .         Spirit   .     (no cloak)
rCorr  .         Warding  +     (no gloves)
rMut   .         Stasis   .     l - +0 pair of boots
MR     .....                    j - amulet of warding
Stlth  ..........               (no ring)
                                (no ring)

@: not resistant to hostile enchantments, extremely unstealthy
A: retaliatory headbutt, horns 2
a: no special abilities


You were on level 4 of the Dungeon.
You were not hungry.

You visited 1 branch of the dungeon, and saw 4 of its levels.

You collected 150 gold pieces.

Inventory:

Hand weapons
 a - a +0 long sword (weapon)
Armour
 b - a +0 scale mail (worn)
 c - a +0 shield (worn)
 l - a +0 pair of boots (worn)
Jewellery
 j - an amulet of warding (around neck)
Magical devices
 v - a wand of polymorph (4)
 w - a wand of flame (39)
Scrolls
 g - 4 scrolls of remove curse {unknown}
 h - 2 scrolls of amnesia {unknown}
 n - 2 scrolls of identify {unknown}
 s - a scroll of noise {unknown}
 u - a scroll of immolation {unknown}
Potions
 d - a potion of might
 i - a potion of beneficial mutation {unknown}
 m - a potion of mutation {unknown}
 p - 2 potions of cure mutation {unknown}
 q - 2 potions of flight {unknown}
 r - a potion of heal wounds {unknown}
 t - 2 potions of curing {unknown}
Comestibles
 e - 2 bread rations
 f - a meat ration
 k - 3 chunks of flesh
 o - a beef jerky


   Skills:
 * Level 4.6 Fighting
 * Level 3.7 Long Blades
 * Level 5.2 Armour
 * Level 5.0 Shields


You had 4 spell levels left.
You didn't know any spells.

Dungeon Overview and Level Annotations

Branches:
Dungeon (4/15)
 Temple: D:4-7

Altars:


Innate Abilities, Weirdness & Mutations

You reflexively headbutt those who attack you in melee.
You have a pair of horns on your head.


Message History

You are too injured to fight recklessly!
You are too injured to fight recklessly!
You are too injured to fight recklessly!
Your shield and scale mail prevent you from hitting the iguana.
The iguana is moderately wounded.
The iguana bites you!
* * * LOW HITPOINT WARNING * * *
You barely miss the iguana.
The iguana is moderately wounded.
The iguana closely misses you. You furiously retaliate!
You headbutt the iguana. You completely miss the iguana.
The iguana is heavily wounded.
You block the iguana's attack.
You completely miss the iguana. Your headbutt misses the iguana.
The iguana is heavily wounded.
The iguana bites you.
* * * LOW HITPOINT WARNING * * *
The iguana bites you!
You die...

## ...#####
......##
######...####.#
..........@l..#
#####...#####...#
##.## . #.# #.#
#.# #.# #.#
#######.#


You could see an iguana.

Vanquished Creatures
  Natasha (thrice) (D:3)
  An orc wizard (D:4)
  A worker ant (D:4)
  7 adders
  A worm (D:2)
  2 giant geckos (D:2)
  2 orcs
  3 giant cockroaches
  8 goblins
  2 hobgoblins
  A ball python (D:2)
  8 bats
  A giant newt (D:1)
  7 kobolds
  12 rats
59 creatures vanquished.

Notes
Turn   | Place    | Note
--------------------------------------------------------------
     0 | D:1      | Kisielow the Minotaur Fighter began the quest for the Orb.
     0 | D:1      | Reached XP level 1. HP: 19/19 MP: 0/0
   899 | D:2      | Reached XP level 2. HP: 27/27 MP: 1/1
   917 | D:2      | Reached skill level 4 in Armour
  1214 | D:2      | Reached XP level 3. HP: 33/33 MP: 2/2
  1671 | D:3      | Reached XP level 4. HP: 29/40 MP: 3/3
  1693 | D:3      | Noticed Natasha
  1698 | D:3      | Killed Natasha
  1739 | D:3      | Noticed Natasha
  1749 | D:3      | Killed Natasha
  1853 | D:3      | Reached skill level 5 in Armour
  1917 | D:3      | Noticed Natasha
  1925 | D:3      | Killed Natasha
  2136 | D:4      | Reached XP level 5. HP: 34/47 MP: 4/4
  2197 | D:4      | Reached skill level 5 in Shields
  2205 | D:4      | HP: 1/47 [iguana (7)]
  2208 | D:4      | Mangled by an iguana

Vault maps used:
D:1:      mrwooster_arrival_statue
D:2:      serial_forest, infiniplex_forest_zigzag_2,
          infiniplex_forest_lined_room_, infiniplex_forest_end_1,
          infiniplex_forest_lined_3_way, infiniplex_forest_lined_room_2,
          minmay_box_of_dots
D:3:      kennysheep_big_flooded_room, uniq_natasha
D:4:      first_bread, serial_shops, nicolae_shop_stone

Action                   |  1- 3 |  4- 6 || total
-------------------------+-------+-------++-------
Melee: Long sword        |    94 |    77 ||   171
       Unarmed           |       |     4 ||     4
  Eat: Chunk             |     2 |     2 ||     4
